 Dungeon Crawl Stone Soup version 0.25.0-15-gac7dcb8919 (webtiles) character file.

Game seed: 12379307684368397405

66 protoss039 the Grave Robber (level 3, -3/25 HPs)
             Began as a Demonspawn Necromancer on June 30, 2020.
             Slain by a gnoll
             ... wielding a +0 club
              (7 damage)
             ... on level 2 of the Dungeon.
             The game lasted 00:06:20 (2418 turns).

protoss039 the Grave Robber (DsNe)                  Turns: 2418, Time: 00:06:21

Health: -3/25      AC:  3    Str:  8    XL:     3   Next: 96%
Magic:  3/7        EV: 12    Int: 17    God:
Gold:   137        SH:  0    Dex: 13    Spells: 6/8 levels left

rFire    . . .     SeeInvis .   d - +0 dagger
rCold    . . .     Gourm    .   (no shield)
rNeg     . . .     Faith    .   a - +0 robe
rPois    .         Spirit   .   (helmet restricted)
rElec    .         Reflect  .   h - +0 cloak
rCorr    .         Harm     .   (no gloves)
MR       .....                  (no boots)
Stlth    ++........             (no amulet)
HPRegen  0.08/turn              (no ring)
MPRegen  0.10/turn              (no ring)

@: no status effects
A: horns 1, powered by death 1
a: no special abilities


You were on level 2 of the Dungeon.
You were very hungry.

You visited 1 branch of the dungeon, and saw 2 of its levels.

You collected 137 gold pieces.

Inventory:

Hand Weapons
 d - a +0 dagger (weapon)
Armour
 a - a +0 robe (worn)
 h - a +0 cloak (worn)
Jewellery
 j - an uncursed ring of fire {unknown}
 l - a +6 ring of intelligence {unknown}
Scrolls
 b - 2 scrolls of blinking {unknown}
 f - a scroll of noise {unknown}
 g - a scroll of amnesia {unknown}
 i - 3 scrolls of remove curse {unknown}
 m - a scroll of fear {unknown}
 n - a scroll of enchant weapon {unknown}
 o - a scroll of teleportation {unknown}
 p - 2 scrolls of identify {unknown}
Potions
 e - a potion of curing {unknown}
 k - a potion of might {unknown}
 q - a potion of heal wounds {unknown}
Comestibles
 c - 3 rations


   Skills:
 + Level 0.3 Fighting
 - Level 2.0 Dodging
 - Level 2.0 Stealth
 + Level 3.2 Spellcasting
 - Level 5.0 Necromancy


You had 6 spell levels left.
You knew the following spells:

 Your Spells              Type           Power        Failure   Level  Hunger
a - Pain                  Necr           ###.         2%          1    None
b - Animate Skeleton      Necr           N/A          2%          1    None

Your spell library contained the following spells:

 Spells                   Type           Power        Failure   Level  Hunger
 Vampiric Draining        Necr           ###.......   7%          3    ###....
 Animate Dead             Necr           N/A          22%         4    ####...
 Agony                    Necr           ###.....     52%         5    ######.


Dungeon Overview and Level Annotations

Branches:
Dungeon (2/15)

Altars:


Innate Abilities, Weirdness & Mutations

You have a pair of small horns on your head.
You regenerate a little health from kills.


Message History

Confirm with . or Enter, or press ? or * to list all spells.
Aiming: Pain (safe; 2% risk of failure)
Press: ? - help, Shift-Dir - straight line, f/p - gnoll
Aim: a gnoll, wielding a -2 flail (heavily wounded, chance to defeat MR: 84%)
The gnoll writhes in agony.
You kill the gnoll!
Casting: Pain (safe; 2% risk of failure)
Confirm with . or Enter, or press ? or * to list all spells.
Aiming: Pain (safe; 2% risk of failure)
Press: ? - help, Shift-Dir - straight line, f - gnoll
Aim: a gnoll, wielding a +0 club (chance to defeat MR: 84%)
The gnoll writhes in agony.
The gnoll hits you with a +0 club.
* * * LOW HITPOINT WARNING * * *
Casting: Pain (safe; 2% risk of failure)
Confirm with . or Enter, or press ? or * to list all spells.
Aiming: Pain (safe; 2% risk of failure)
Press: ? - help, Shift-Dir - straight line, f/p - gnoll
Aim: a gnoll, wielding a +0 club (lightly wounded, chance to defeat MR: 84%)
The gnoll writhes in agony.
The gnoll hits you with a +0 club!
You die...

....# #..g...#..#.#.#.#
...###.....##g#(.#.#.#.# .###
#.#.# #.#........# .#
#.#.####g####.##### .#
##.#.........#.# .##
.....#.#####.#.#
.##.##.#.#.##...g..# ########
.##.##.#......##g### #......#
...........#####@# ###.####.# ###
#.....##.#.#####.###....###.###..
..#.#....#...............##.##...
.##.##.##...####.###.#...........
..###..##...# #.# #.#......##...
#..#...##...# #.# #.###.########
..###..##...# #.# #.# #.#
.##.##.##...# #.# #.# #.#
..#.#..##...####.###.#


You could see 2 gnolls.

Vanquished Creatures
  A gnoll (D:2)
  An adder (D:2)
  A worm (D:2)
  A dart slug (D:2)
  3 leopard geckos (D:1)
  A ball python (D:1)
  4 giant cockroaches
  4 hobgoblins
  2 jackals (D:1)
  7 bats
  5 frilled lizards
  A goblin (D:1)
  5 kobolds
  4 rats
40 creatures vanquished.

Notes
Turn   | Place    | Note
-------+----------+-------------------------------------------
     0 | D:1      | protoss039 the Demonspawn Necromancer began the quest for
                  | the Orb.
     0 | D:1      | Reached XP level 1. HP: 13/13 MP: 3/3
   465 | D:1      | Learned a level 1 spell: Animate Skeleton
   793 | D:1      | Gained mutation: You regenerate a little health from kills.
                  | [demonic ancestry]
   793 | D:1      | Reached XP level 2. HP: 18/19 MP: 1/5
  1209 | D:1      | Reached skill level 5 in Necromancy
  1696 | D:2      | Gained mutation: You have a pair of small horns on your
                  | head. [demonic ancestry]
  1696 | D:2      | Reached XP level 3. HP: 11/24 MP: 1/6
  2418 | D:2      | Slain by a gnoll

Illustrated notes

Levels and vault maps discovered:
D:1:      dpeg_arrival_erosion, layout_loops_ring
D:2:      layout_loops_cross, minmay_between

Skill      XL: |  1  2  3 |
---------------+----------+-----
Dodging        | 2 |  2.0
Necromancy     | 5 |  5.0
Stealth        | 2 |  2.0
Spellcasting   | 3 |  3.2
Fighting       | |  0.3

Action                   || total
-------------------------++-------
Melee: Dagger            ||   101
       Headbutt          ||     7
 Cast: Pain              ||    59
 Stab: Sleeping          ||     1
  Eat: Chunk             ||     4
Armor: Robe              ||    36
Dodge: Dodged            ||    99
